 Dungeon Crawl Stone Soup version 0.32-a0-975-g85d4e5bfdb (webtiles) character file.

Game seed: 15056686585342524662

3825726 HourglassMan the Axe Maniac (level 27, 216/216 HPs)
             Began as a Minotaur Gladiator on Apr 18, 2024.
             Was the Champion of Qazlal.
             Escaped with the Orb
             ... and 5 runes on Apr 19, 2024!
             The game lasted 02:09:21 (53998 turns).

HourglassMan the Axe Maniac (Minotaur Gladiator)   Turns: 53998, Time: 02:09:22

Health: 216/216    AC: 41    Str: 31    XL:     27
Magic:  35/35      EV: 16    Int:  7    God:    Qazlal [******]
Gold:   4935       SH: 35    Dex:  8    Spells: 26/26 levels left

rFire   + . .        m - +8 broad axe "Grim" {heavy, rPois}
rCold   + . .        p - +4 tower shield
rNeg    + + .        x - +0 crystal plate armour
rPois   +            y - +0 mask of the Dragon {Will+ Slay+3 SInv}
rElec   +            F - +0 cloak of Failure {rElec rC+ Regen+}
rCorr   .            b - +2 pair of gloves {Str+3}
SInv    +            Y - +1 pair of boots
Will    +++..        r - amulet of regeneration Stlth
                     K - ring "Ruyghel" {rN++ EV+5 Dex-5 SInv}
HPRegen 2.16/turn    w - ring of protection from fire
MPRegen 0.24/turn

%: random rage (3%), repel missiles
@: hasted, studying Dodging, very quick
A: horns 2, retaliatory headbutt, berserk 1, clumsy 1, frail 2, shaggy fur 1,
evolution 1, subdued magic 1, inability to read after injury 1, noise
suppression
0: Orb of Zot
}: 5/15 runes: barnacled, slimy, silver, abyssal, gossamer
a: Renounce Religion, Upheaval, Elemental Force, Disaster Area


You escaped.
You worshipped Qazlal.
Qazlal was exalted by your worship.
You visited 11 branches of the dungeon, and saw 53 of its levels.
You visited the Abyss 1 time.
You visited 1 bazaar.
You also visited: Trove, Bailey, Gauntlet and Ice Cave.

You collected 9505 gold pieces.
You spent 4570 gold pieces at shops.

Inventory:

Hand Weapons
 m - the +8 broad axe "Grim" (weapon) {heavy, rPois}
   (You bought it in a shop on level 3 of the Dungeon)

   rPois:     It protects you from poison.
 D - the +12 broad axe of the Conjuring Augurer {drain, rElec rPois rC+}
   (You acquired it on level 5 of the Pits of Slime)

   rC+:       It protects you from cold.
   rElec:     It insulates you from electricity.
   rPois:     It protects you from poison.
 O - the +6 broad axe of Regicide {antimagic, rF+ Int+5}
   (You acquired it on level 10 of the Dungeon)

   Int+5:     It affects your intelligence (+5).
   rF+:       It protects you from fire.
Missiles
 z - 21 throwing nets
Armour
 b - a +2 pair of gloves of strength (worn)
 e - a scarf of resistance
 p - a +4 tower shield (worn)
 x - a +0 crystal plate armour (worn)
 y - the +0 mask of the Dragon (worn) {Will+ Slay+3 SInv}
   (You found it in a bailey)

   Slay+3:    It affects your accuracy & damage with ranged weapons and melee
   (+3).
   Will+:     It increases your willpower.
   SInv:      It lets you see invisible.
 F - the +0 cloak of Failure (worn) {rElec rC+ Regen+}
   (You found it in a Gauntlet)

   rC+:       It protects you from cold.
   rElec:     It insulates you from electricity.
   Regen+:    It increases your rate of health regeneration.
 Y - a +1 pair of boots (worn)
Jewellery
 a - a +6 ring of intelligence
 g - a +4 ring of slaying
 h - a ring of poison resistance
 n - a ring of willpower
 r - an amulet of regeneration (around neck)
 u - the ring of the Marlin {rElec rC+ rCorr}
   (You found it on level 5 of the Lair of Beasts)

   [ring of protection from cold]

   rC+:       It protects you from cold.
   rElec:     It insulates you from electricity.
   rCorr:     It protects you from acid and corrosion.
 w - a ring of protection from fire (right hand)
 J - the ring of the Hare {EV+10}
   (You acquired it on level 12 of the Dungeon)

   [ring of evasion]

   EV+10:     It affects your evasion (+10).
 K - the ring "Ruyghel" (left hand) {rN++ EV+5 Dex-5 SInv}
   (You took it off a tengu reaver on level 5 of the Vaults)

   [ring of evasion]

   EV+5:      It affects your evasion (+5).
   Dex-5:     It affects your dexterity (-5).
   rN++:      It greatly protects you from negative energy.
   SInv:      It lets you see invisible.
 X - a ring of positive energy
Wands
 o - a wand of flame (117)
 v - a wand of mindburst (67)
 B - a wand of digging (21)
 E - a wand of light (35)
 H - a wand of polymorph (19)
 L - a wand of iceblast (38)
 N - a wand of charming (93)
Scrolls
 j - 13 scrolls of fog
 s - a scroll of revelation
 R - 10 scrolls of immolation
 S - 5 scrolls of blinking
 V - 6 scrolls of teleportation {!t}
 W - 7 scrolls of fear
 Z - a scroll of butterflies
Potions
 c - a potion of berserk rage {!q}
 d - a potion of cancellation
 f - 7 potions of heal wounds
 k - 24 potions of curing
 l - a potion of invisibility
 t - 6 potions of attraction
 A - 4 potions of resistance
 C - 4 potions of enlightenment
 I - 9 potions of might
 M - 9 potions of lignification
 P - 5 potions of haste
Miscellaneous
 i - a phantom mirror
 G - a condenser vane
 Q - a sack of spiders
 T - a phial of floods
 U - a lightning rod (4/4)


   Skills:
 - Level 26.6 Fighting
 O Level 27 Axes
 - Level 2.0 Throwing
 - Level 26.6 Armour
 - Level 18.0 Dodging
 - Level 26.7 Shields
 + Level 19.5 Invocations
 - Level 11.0 Evocations


You had 26 spell levels left.
You didn't know any spells.
Your spell library contained the following spells:

 Spells                   Type           Power      Damage    Failure   Level
 Apportation              Tloc           0%         N/A       92%         1
 Foxfire                  Conj/Fire      0%         2x1d4     92%         1
 Magic Dart               Conj           0%         1d3       92%         1
 Necrotise                Necr           0%         1d4       92%         1
 Shock                    Conj/Air       0%         1d3       92%         1
 Slow                     Hex            0%         N/A       92%         1
 Sting                    Conj/Alch      0%         1d3       92%         1
 Summon Small Mammal      Summ           0%         N/A       92%         1
 Blink                    Tloc           0%         N/A       98%         2
 Call Imp                 Summ           0%         N/A       98%         2
 Cigotuvi's Dreadful Rot  Necr/Alch/Air  0%         N/A       98%         2
 Ensorcelled Hibernation  Hex/Ice        0%         N/A       98%         2
 Jinxbite                 Hex            0%         N/A       98%         2
 Mercury Vapours          Alch/Air       0%         N/A       98%         2
 Scorch                   Fire           0%         2d5       98%         2
 Static Discharge         Conj/Air       0%         3-3/arc   98%         2
 Sublimation of Blood     Necr           0%         N/A       98%         2
 Call Canine Familiar     Summ           0%         N/A       100%        3
 Confusing Touch          Hex            0%         N/A       100%        3
 Dazzling Flash           Conj/Hex       0%         N/A       100%        3
 Frozen Ramparts          Ice            0%         1d1       100%        3
 Hailstorm                Conj/Ice       0%         3d5       100%        3
 Inner Flame              Hex/Fire       0%         N/A       100%        3
 Mephitic Cloud           Conj/Alch/Air  0%         N/A       100%        3
 Ozocubu's Armour         Ice            0%         N/A       100%        3
 Passwall                 Erth           0%         N/A       100%        3
 Sigil of Binding         Hex            0%         N/A       100%        3
 Summon Ice Beast         Ice/Summ       0%         N/A       100%        3
 Swiftness                Air            0%         N/A       100%        3
 Tukima's Dance           Hex            0%         N/A       100%        3
 Vampiric Draining        Necr           0%         2d6       100%        3
 Airstrike                Air            0%         2d(0-16)  100%        4
 Anguish                  Hex/Necr       0%         N/A       100%        4
 Animate Dead             Necr           0%         N/A       100%        4
 Cause Fear               Hex            0%         N/A       100%        4
 Dimensional Bullseye     Hex/Tloc       0%         N/A       100%        4
 Flame Wave               Conj/Fire      0%         2d4       100%        4
 Fulminant Prism          Conj/Alch      0%         3d5       100%        4
 Iskenderun's Mystic Bla Conj/Tloc 0%             2d3        (+2d1     100%        4
 Martyr's Knell           Necr/Summ      0%         N/A       100%        4
 Olgreb's Toxic Radiance  Alch           0%         N/A       100%        4
 Passage of Golubria      Tloc           0%         N/A       100%        4
 Petrify                  Alch/Erth      0%         N/A       100%        4
 Summon Blazeheart Golem  Fire/Summ      0%         N/A       100%        4
 Summon Lightning Spire   Summ/Air       0%         N/A       100%        4
 Alistair's Intoxication  Alch           0%         N/A       100%        5
 Arcjolt                  Conj/Air       0%         1d10      100%        5
 Borgnjor's Vile Clutch   Necr/Erth      0%         N/A       100%        5
 Curse of Agony           Necr           0%         N/A       100%        5
 Irradiate                Conj/Alch      0%         3d11      100%        5
 Metabolic Englaciation   Hex/Ice        0%         N/A       100%        5
 Silence                  Hex/Air        0%         N/A       100%        5
 Summon Forest            Summ/Tloc      0%         N/A       100%        5
 Summon Mana Viper        Hex/Summ       0%         N/A       100%        5
 Yara's Violent Unravell  Hex/Alch       0%         3d3       100%        5
 Conjure Ball Lightning   Conj/Air       0%         3x3d6     100%        6
 Death Channel            Necr           0%         N/A       100%        6
 Dispersal                Tloc           0%         N/A       100%        6
 Eringya's Noxious Bog    Alch           0%         4d6       100%        6
 Gell's Gavotte           Tloc           0%         2d(11-16) 100%        6
 Permafrost Eruption      Ice/Erth       0%         2x4d1     100%        6
 Plasma Beam              Fire/Air       0%         2x1d10    100%        6
 Sculpt Simulacrum        Ice/Alch       0%         N/A       100%        6
 Starburst                Conj/Fire      0%         6d3       100%        6
 Summon Cactus Giant      Summ           0%         N/A       100%        6
 Enfeeble                 Hex            0%         N/A       100%        7
 Haunt                    Necr/Summ      0%         N/A       100%        7
 Manifold Assault         Tloc           0%         N/A       100%        7
 Rimeblight               Ice/Necr       0%         2d3       (prima100%   7
 Summon Hydra             Summ           0%         N/A       100%        7
 Borgnjor's Revivificati  Necr           0%         N/A       100%        8
 Discord                  Hex            0%         N/A       100%        8
 Disjunction              Tloc           0%         N/A       100%        8
 Fulsome Fusillade        Conj/Alch      0%         (3-5)d4   100%        8
 Ignition                 Fire           0%         3d3       100%        8
 Infestation              Necr           0%         N/A       100%        8
 Maxwell's Capacitive Co  Air            0%         ∞         100%        8
 Chain Lightning          Conj/Air       0%         N/A       100%        9
 Death's Door             Necr           0%         N/A       100%        9


Dungeon Overview and Level Annotations

Branches:
Dungeon (15/15)            Temple (0/1) D:7            Lair (5/5) D:8
 Shoals (4/4) Lair:2       Spider (4/4) Lair:2        Slime (5/5) Lair:4
    Orc (2/2) D:12            Elf (0/3) Orc:2        Vaults (5/5) D:14
  Crypt (3/3) Vaults:3       Tomb (0/3) Crypt:3      Depths (4/4) D:15
   Hell (visited)             Zot (5/5) Depths:4     Bailey (visited)
  IceCv (visited)         Gauntlet (visited)
    Dis: Hell:1         Geh: Hell:1         Coc: Hell:1         Tar: Hell:1

Altars:
Elyvilon
Fedhas
Hepliaklqana
Kikubaaqudgha
Okawaru
Qazlal
Ru
Sif Muna
Trog
Uskayaw
Wu Jian
Xom
Yredelemnul
Zin
The Shining One
Beogh
Jiyva
Lugonu

Shops:
D:3 (   D:5 (   D:13 [   Orc:1 *   Orc:2 :[*!:[   Shoals:1 :   Shoals:2 *
Depths:1 *[[   Depths:3 (

Portals:
Hell: Depths:1 Depths:2 Depths:3 Depths:4
Abyss: Lair:4 Lair:5 Depths:1 Depths:2 Depths:3
Pandemonium: Orc:2 Depths:1 Depths:2
Ziggurat: Depths:1

Annotations:
Lair:4 -- Phantom Mirror!
Shoals:3 2 transporters, exclusion: orange crystal statue
Vaults:2 2 runed translucent doors, Vatovie's ghost, veteran MiFi
Depths:1 exclusions: ancient lich and 1 more exclusion
Hell Geryon
Zot:2 exclusion: upstairs


Innate Abilities, Weirdness & Mutations

You have a pair of horns on your head.
You reflexively headbutt those who attack you in melee.
You sometimes lose your temper in combat.
You are clumsy. (Dex -2)
You are very frail. (-20% HP)
You are covered in fur. (AC +1)
You have hidden genetic potential.
Your spells are a little easier to cast, but a little less powerful.
You occasionally lose the ability to read scrolls when taking damage.
You passively dampen the noise of your surroundings.


Message History

There is a stone staircase leading up here.
You climb upwards.
There is a stone staircase leading down here.
You feel yourself speed up.
You see here a +0 flail.
You see here a +0 spear.
Things that are here:
a +0 halberd; a gnoll skeleton
There is a stone staircase leading up here.
You climb upwards.
There is a stone staircase leading down here.
There is a stone staircase leading down here.
A sixfirhy comes into view.
Aiming: Dig
Press: ? - help, Shift-Dir - straight line A rock wall.
This square is covered in magical glow.
The rock shatters into small pieces.
As you read the scroll of revelation, it crumbles to dust.
You feel momentarily disoriented. You block the sixfirhy's attack.
You block the sixfirhy's attack. x2
Okay, then.
Your extra speed is starting to run out.
You open the door. You block the sixfirhy's attack.
The sixfirhy hits you but does no damage.
The sixfirhy misses you. You furiously retaliate!
You headbutt the sixfirhy!! The sixfirhy attacks as it pursues you!
You block the sixfirhy's attack.
There is an open door here.
You feel yourself slow down.
You feel yourself speed up. You block the sixfirhy's attack. x3
An Orb Guardian comes into view.
You block the sixfirhy's attack. x2
There is an open door here.
You block the sixfirhy's attack. x2
You see here a minotaur skeleton.
You see here a gnoll skeleton.
There is a staircase leading out of the dungeon here.
Unknown command.
You have escaped!

.########.####)###...###.####
## #.# #...##.......# #
#.####.########### #..# ###
#### ##################
#......#.#.÷..○÷.#
#.####.#.#...@.÷.########
#.#......#÷÷○3§..#......#
#.#.##.###.÷○#°÷÷######.#
#.#.##.# #°.÷#÷..#..# #.#
#.#.##.# #..X#.÷.##.# #.#
####......# #..°>÷.÷##.# #.#
######.#### ##.###.###.###.#
######.#### #'###+##......#
##.....#### ##.....###.#####


You could see an Orb Guardian and a sixfirhy.

Vanquished Creatures
  the Royal Jelly (Slime:5)
  6 dread liches
  4 ancient liches
  6 orbs of fire
  A juggernaut (Depths:4)
  Mennas (Crypt:3)
  Josephina (Crypt:3)
  4 Killer Klowns (Zot:5)
  A shard shrike (IceCv)
  9 golden dragons
  A curse toe (Zot:4)
  Jory (Depths:4)
  Nikola (Depths:1)
  3 bone dragons
  the Enchantress (Depths:3)
  4 electric golems
  16 tentacled monstrosities
  Zenata (Crypt:3)
  A deep elf blademaster (Depths:3)
  25 Orb Guardians (Zot:5)
  10 quicksilver dragons
  9 liches
  A tentacled starspawn (Abyss:3)
  4 titans
  A walking divine tome (Depths:2)
  A walking frostbound tome (Depths:4)
  A searing wretch (Vaults:5)
  A kraken (Shoals:1)
  15 death cobs
  4 sphinxes
  An Executioner (Abyss:3)
  Frances (D:12)
  7 ancient champions
  19 acid blobs
  11 shadow dragons
  3 tengu reavers (Vaults:5)
  15 storm dragons
  6 rockslimes
  4 revenants
  16 azure jellies
  3 draconian monks
  15 draconian knights
  8 protean progenitors
  8 frost giants
  14 emperor scorpions
  7 fire giants
  9 draconian shifters
  15 vault wardens
  A deep elf sorcerer (Vaults:5)
  2 iron dragons
  The ghost of Adeche Beuh the Destroyer, a journeyman DrCj of Qazlal (Spider:2)
  5 draconian scorchers
  2 balrugs
  5 ghost moths
  6 draconian stormcallers
  3 draconian annihilators
  A cacodemon (Zot:1)
  3 ghouls (Crypt:2)
  A broodmother (Spider:1)
  12 ironbound preservers
  A reaper (Lair:4)
  7 orc warlords
  12 quicksilver oozes
  5 formless jellyfish
  14 very ugly things
  19 stone giants
  6 caustic shrike skeletons (Crypt:3)
  6 ironbound thunderhulks
  3 spriggan defenders
  7 deep elf death magi
  13 black draconians
  11 green draconians
  9 vampire knights
  15 yellow draconians
  4 dire elephants (Vaults:2)
  9 purple draconians
  13 red draconians
  A deep elf demonologist (Vaults:5)
  12 white draconians
  The ghost of SkaryMonk the Cleaver, a journeyman CoGl of Qazlal (Lair:4)
  7 spark wasps
  A minotaur (Gauntlet)
  5 eidola
  An acid blob zombie (Crypt:3)
  14 ettins
  3 blizzard demons
  5 merfolk impalers
  7 war gargoyles
  The ghost of Drangen the Fighter, a journeyman CoHu (D:11)
  2 crystal guardians (Vaults:3)
  A merfolk javelineer (Shoals:4)
  7 fire dragons
  5 deep elf high priests (Vaults:5)
  5 entropy weavers
  13 yaktaur captains
  14 ice dragons
  14 jiangshi
  Erolcha (Orc:1)
  3 peacekeepers (Vaults:3)
  Fannar (Lair:2)
  10 great orbs of eyes
  Harold (D:11)
  5 hydras
  6 rakshasas
  31 vault guards
  2 catoblepae
  4 radroaches
  7 boulder beetles
  Erica (D:11)
  5 jorogumos
  An ogre mage (D:15)
  2 merfolk avatars
  3 merfolk aquamancers
  2 spriggan air magi
  17 centaur warriors
  4 death knights (Crypt:2)
  5 spriggan skeletons
  10 two-headed ogres
  4 alligator snapping turtles
  A hell hog (Lair:4)
  5 death yaks (Lair:5)
  9 ironbound frosthearts
  12 vampire magi
  7 death scarabs (Spider:4)
  10 demonic crawlers
  4 deep troll shamans (Depths:2)
  12 deep troll earth magi
  3 occultists
  8 tengu warriors
  3 spriggan berserkers
  2 satyrs (Shoals:4)
  6 orc high priests
  3 thrashing horrors (Lair:5)
  A spectral emperor scorpion (Spider:4)
  A wretched star (Abyss:3)
  3 titan skeletons (Crypt:3)
  3 soul eaters
  A deep elf knight (Vaults:5)
  4 fire crabs (Zot:2)
  3 sun demons
  7 hell knights
  5 iron trolls
  7 skysharks
  15 skeletal warriors
  15 pharaoh ants
  13 sea snakes
  A shadow wraith (Crypt:2)
  2 sixfirhies
  A salamander mystic (Depths:1)
  4 deep elf archers (Depths:3)
  8 arcanists
  2 sun moths (Spider:3)
  A swamp dragon (shapeshifter) (Vaults:5)
  46 deep trolls
  An orange crystal statue (IceCv)
  2 bog bodies (Crypt:2)
  4 flayed ghosts
  16 orb spiders
  5 glowing orange brains
  3 bunyip skeletons (Crypt:3)
  Pikel (D:8)
  A lightning spire (Zot:3)
  A golden dragon skeleton (Vaults:5)
  30 orc knights
  13 lindwurms
  2 obsidian bats
  An anaconda skeleton (Crypt:3)
  A spectral jorogumo (Spider:4)
  6 steelbarb worms
  11 phantasmal warriors
  2 tengu zombies
  A broodmother zombie (Spider:4)
  A deep elf pyromancer (D:13)
  19 harpies
  19 ironbound convokers
  7 necromancers
  21 wolf spiders
  13 orc sorcerers
  A frost giant zombie (Crypt:2)
  13 large abominations
  6 cyclopes
  An oklob plant (Lair:4)
  3 salamanders (Depths:1)
  Maurice (D:8)
  12 fauns
  4 shining eyes
  55 ugly things
  A frost giant skeleton (Vaults:5)
  23 moths of wrath
  21 manticores
  28 vault sentinels
  An apocalypse crab (Abyss:3)
  A salamander (shapeshifter) (Abyss:3)
  4 black mambas
  2 iron dragon skeletons (Crypt:3)
  3 kobold blastminers
  A guardian serpent (shapeshifter) (D:10)
  20 elephants
  11 merfolk sirens
  A titan simulacrum (Crypt:3)
  6 smoke demons
  4 eyes of devastation
  4 rust devils
  6 torpor snails
  An eye of devastation (shapeshifter) (Depths:4)
  2 gargoyles
  6 water nymphs
  6 cane toads
  5 spectral redbacks (Spider:4)
  8 unseen horrors
  A centaur skeleton (Crypt:3)
  Jeremiah (D:6)
  An efreet (Abyss:3)
  6 freezing wraiths
  17 yaktaurs
  A dire elephant skeleton (Crypt:3)
  6 komodo dragons
  3 kobold demonologists
  A spriggan zombie (Depths:1)
  18 rime drakes
  3 ice devils
  A death yak skeleton (Crypt:3)
  6 tengu conjurers
  6 guardian mummies
  An ancient zyme (Abyss:3)
  2 red devils
  17 polar bears
  A hellwing (Orc:2)
  7 trolls
  A jumping spider (shapeshifter) (Vaults:5)
  26 merfolk
  4 wind drakes
  25 tarantellas
  A hornet (D:9)
  26 jumping spiders
  2 raiju
  A tyrant leech (Gauntlet)
  2 spectral tarantellas (Spider:4)
  A polar bear (shapeshifter) (Depths:3)
  3 glass eyes
  11 snapping turtles
  A hornet (shapeshifter) (Lair:5)
  2 harpy skeletons (Crypt:3)
  A stone giant simulacrum (Crypt:3)
  3 tarantella zombies (Spider:4)
  2 jumping spider zombies (Spider:4)
  A fire giant simulacrum (Vaults:3)
  23 blink frogs
  3 spectral jumping spiders (Spider:4)
  8 dream sheep
  A frost giant simulacrum (Depths:1)
  An ice dragon zombie (Crypt:3)
  162 slime creatures
  5 spriggans
  An ettin skeleton (Crypt:3)
  20 culicivoras
  2 ice dragon skeletons
  An air elemental (Abyss:3)
  8 wyverns
  A vampire (Bailey)
  2 spriggans (shapeshifter)
  A dire elephant simulacrum (Crypt:3)
  13 water elementals
  5 ynoxinuls
  4 fire bats
  8 wraiths
  A satyr skeleton (Crypt:3)
  A human (Lair:4)
  Grum (D:8)
  An alligator snapping turtle simulacrum (Crypt:3)
  A warg (Orc:1)
  27 yaks
  2 steam dragons
  A redback (shapeshifter) (Vaults:5)
  A wind drake zombie (Crypt:1)
  7 basilisks
  9 chaos spawn
  A wind drake skeleton (Crypt:2)
  A neqoxec (Abyss:3)
  13 golden eyes
  38 redbacks
  15 vampire mosquitoes
  4 swamp worms
  2 swamp worms (shapeshifter)
  4 acid dragons
  A naga skeleton (Crypt:3)
  A water moccasin (shapeshifter) (Lair:5)
  18 water moccasins
  A hydra simulacrum (Crypt:3)
  46 orc warriors
  3 ice beasts
  2 sky beasts (shapeshifter)
  4 black bears
  19 laughing skulls
  A sky beast (D:7)
  A spriggan simulacrum (Depths:1)
  A blink frog zombie (Crypt:3)
  A dream sheep zombie (Crypt:3)
  3 ogres
  17 centaurs
  16 small abominations
  9 wolves
  2 hog skeletons
  4 lemures (D:8)
  2 weeping skulls (Abyss:3)
  13 bullfrogs
  A rime drake skeleton (Crypt:1)
  A water moccasin zombie (Crypt:1)
  2 gnoll sergeants
  31 scorpions
  3 human skeletons
  A draconian skeleton (Crypt:2)
  An elf skeleton (Crypt:1)
  29 wights
  A shapeshifter zombie (Crypt:2)
  18 killer bees
  6 wolf zombies (Bailey)
  4 electric eels (D:13)
  6 howler monkeys
  6 vampire bats (Bailey)
  2 bombardier beetles
  Crazy Yiuf (D:4)
  29 orc priests
  2 gnoll boudas
  3 hounds
  3 jellies
  A sleepcap (D:4)
  Ijyb (D:3)
  9 hell rats (Lair:5)
  4 iguanas
  28 orc wizards
  An acid dragon skeleton (Crypt:2)
  A boggart simulacrum (D:14)
  14 mummies
  Robin (D:2)
  26 gnolls
  5 adders
  5 white imps
  3 ufetubi
  A ribbon worm (D:2)
  4 dart slugs
  88 orcs
  8 bats
  7 endoplasms
  4 giant cockroaches
  12 hobgoblins
  3 jackals (D:1)
  9 kobolds
  3 quokkas
  11 ball pythons
  A frilled lizard (D:2)
  13 goblins
  19 orc zombies (Bailey)
  A quokka skeleton (Crypt:1)
  A quokka zombie (Crypt:2)
  6 rats
  4 aspiring fleshes
  5 tentacles (Shoals:1)
2632 creatures vanquished.

Vanquished Creatures (collateral kills)
  Margery (Vaults:5)
  A golden dragon (Vaults:5)
  A storm dragon (Vaults:5)
  A draconian knight (Zot:2)
  An ironbound preserver (Vaults:1)
  A draconian stormcaller (Zot:2)
  A black draconian (Zot:2)
  A centaur warrior (Vaults:1)
  A death scarab (Spider:4)
  A deep troll (Vaults:3)
10 creatures vanquished.

Vanquished Creatures (others)
  A draconian knight (Zot:2)
  A war gargoyle (Vaults:1)
  2 ogre magi (Abyss:3)
  An orb spider (Spider:3)
  A harpy (Shoals:4)
  An ugly thing (Depths:3)
  An elephant (Zot:2)
  A yaktaur (Vaults:1)
  A snapping turtle (Shoals:2)
  2 fire bats (Abyss:3)
  A redback (Spider:4)
  2 chaos spawn (Abyss:3)
  A tengu (Abyss:3)
  An orc wizard (D:10)
  An orc (D:10)
  A lurking horror (Abyss:3)
  2 starspawn tentacles (Abyss:3)
  5 tentacles (Shoals:1)
26 creatures vanquished.

Grand Total: 2668 creatures vanquished

Notes
Turn   | Place    | Note
-------+----------+-------------------------------------------
     0 | D:1      | HourglassMan the Minotaur Gladiator began the quest for the
                  | Orb.
     0 | D:1      | Reached XP level 1. HP: 18/18 MP: 0/0
   235 | D:1      | Reached skill level 4 in Axes
   309 | D:1      | Reached XP level 2. HP: 25/25 MP: 1/1
   659 | D:1      | Reached XP level 3. HP: 26/31 MP: 2/2
  1162 | D:2      | Noticed Robin
  1166 | D:2      | Reached skill level 5 in Axes
  1175 | D:2      | Killed Robin
  1176 | D:2      | Reached XP level 4. HP: 33/38 MP: 3/3
  1262 | D:2      | Reached skill level 1 in Shields
  1424 | D:2      | You fall into a shaft and drop 2 floors!
  1433 | D:4      | Reached XP level 5. HP: 45/46 MP: 4/4
  1527 | D:4      | Reached skill level 6 in Axes
  1567 | D:3      | Noticed Ijyb
  1578 | D:3      | Killed Ijyb
  1762 | D:3      | Found Oxkacol's Antique Weapon Boutique.
  1988 | D:3      | Found a faded altar of an unknown god.
  2002 | D:3      | Reached XP level 6. HP: 49/53 MP: 5/5
  2035 | D:3      | Found a sacrificial altar of Ru.
  2037 | D:3      | Found a basalt altar of Yredelemnul.
  2039 | D:3      | Found a hide-covered altar of Uskayaw.
  2212 | D:3      | Found a shimmering blue altar of Sif Muna.
  2395 | D:3      | Prayed at the altar of an unknown god.
  2395 | D:3      | Became a worshipper of Qazlal Stormbringer
  2395 | D:3      | Reached * piety under Qazlal
  2581 | D:4      | Found a white marble altar of Elyvilon.
  2863 | D:4      | Reached ** piety under Qazlal
  2867 | D:4      | Reached skill level 7 in Axes
  2991 | D:4      | Found a runed translucent door.
  2992 | D:4      | Noticed Crazy Yiuf
  3075 | D:4      | Killed Crazy Yiuf
  3076 | D:4      | Reached skill level 5 in Fighting
  3076 | D:4      | Reached XP level 7. HP: 57/61 MP: 6/6
  3154 | D:5      | Entered Level 5 of the Dungeon
  3376 | D:5      | Found Yvats's Weapon Shop.
  3381 | D:5      | Bought 3 atropa-tipped darts for 32 gold pieces
  3489 | D:5      | Reached skill level 5 in Shields
  3775 | D:6      | Reached skill level 8 in Axes
  3776 | D:6      | Identified the +2 helmet of a Gauntlet {rElec Int+4}
  3962 | D:6      | Reached XP level 8. HP: 70/70 MP: 7/7
  4073 | D:6      | Noticed Jeremiah
  4087 | D:6      | Reached *** piety under Qazlal
  4099 | D:6      | Noticed an angel
  4100 | D:6      | Found a glowing silver altar of Zin.
  4112 | D:6      | Killed Jeremiah
  4113 | D:6      | Reached skill level 9 in Axes
  4161 | D:6      | Noticed a troll
  4167 | D:6      | Killed a troll
  4501 | D:6      | Found a bloodstained altar of Trog.
  4525 | D:6      | Found an ornate altar of the Wu Jian Council.
  4659 | D:3      | Bought a scorched broad axe for 207 gold pieces
  4659 | D:3      | Identified the +8 broad axe "Grim" {heavy, rPois} (You
                  | bought it in a shop on level 3 of the Dungeon)
  4765 | D:7      | Reached skill level 10 in Axes
  4765 | D:7      | Reached XP level 9. HP: 78/78 MP: 8/8
  4784 | D:7      | Found a flagged portal.
  4797 | Bailey   | Entered a bailey
  4880 | Bailey   | Noticed a gargoyle
  4884 | Bailey   | Killed a gargoyle
  4928 | Bailey   | Identified the +0 buckler of Purpose {rElec rF+ Stlth+}
  4969 | Bailey   | Reached skill level 11 in Axes
  4975 | Bailey   | Found the +0 mask of the Dragon {Will+ Slay+3 SInv}
  5129 | D:7      | Reached **** piety under Qazlal
  5194 | D:7      | Reached skill level 12 in Axes
  5231 | D:7      | Found a staircase to the Ecumenical Temple.
  5423 | D:7      | Reached skill level 10 in Shields
  5474 | D:7      | Found a hazy altar of Hepliaklqana.
  5937 | D:8      | Reached XP level 10. HP: 81/84 MP: 9/9
  6010 | D:8      | Reached skill level 13 in Axes
  6080 | D:8      | Noticed Maurice
  6083 | D:8      | Killed Maurice
  6161 | D:8      | Noticed Grum
  6171 | D:8      | Killed Grum
  6261 | D:8      | Noticed Pikel
  6269 | D:8      | Killed Pikel
  6269 | D:8      | Reached ***** piety under Qazlal
  6270 | D:8      | Reached skill level 14 in Axes
  6284 | D:8      | Found a shimmering altar of Xom.
  6428 | D:8      | Found a staircase to the Lair.
  6510 | D:8      | Identified the +0 scale mail of the Blue Moon {Str+2}
  6864 | D:9      | Found a blossoming altar of Fedhas.
  7126 | D:9      | Reached skill level 15 in Axes
  7277 | D:10     | Entered Level 10 of the Dungeon
  7292 | D:10     | Reached XP level 11. HP: 91/91 MP: 10/10
  7385 | D:10     | Noticed a purple ugly thing
  7390 | D:10     | Killed a purple ugly thing
  7395 | D:10     | Noticed a two-headed ogre
  7403 | D:10     | Killed a two-headed ogre
  7404 | D:10     | Reached skill level 16 in Axes
  7409 | D:10     | Noticed an eight-headed hydra
  7413 | D:10     | Killed a ten-headed hydra
  7622 | D:10     | Identified 3 scrolls of acquirement
  7622 | D:10     | Acquired the +6 broad axe of Regicide {antimagic, rF+
                  | Int+5}
  7624 | D:10     | Acquired 1082 gold pieces
  7626 | D:10     | Acquired a manual of Dodging
  7671 | D:10     | Found an ancient bone altar of Kikubaaqudgha.
  8265 | D:11     | Noticed a two-headed ogre
  8267 | D:11     | Killed a two-headed ogre
  8268 | D:11     | Reached skill level 17 in Axes
  8292 | D:11     | Noticed Harold
  8300 | D:11     | Killed Harold
  8406 | D:11     | Noticed a two-headed ogre
  8411 | D:11     | Killed a two-headed ogre
  8412 | D:11     | Reached XP level 12. HP: 89/97 MP: 11/11
  8648 | D:11     | Noticed Erica
  8652 | D:11     | Killed Erica
  8689 | D:11     | Found a runed translucent door.
  8694 | D:11     | Noticed Drangen's ghost (journeyman CoHu)
  8906 | D:11     | Killed Drangen's ghost
  8907 | D:11     | Reached skill level 18 in Axes
  8968 | D:12     | Noticed a two-headed ogre
  8977 | D:12     | Killed a two-headed ogre
  9058 | D:12     | Noticed an orc warlord
  9070 | D:12     | Killed an orc warlord
  9405 | D:12     | Reached skill level 19 in Axes
  9724 | D:12     | Found a portal to a secret trove of treasure.
  9751 | D:12     | Found a shimmering altar of Xom.
  9751 | D:12     | Found a shimmering altar of Xom.
  9810 | D:12     | Acquired the ring of the Hare {EV+10}
  9810 | D:12     | Found the ring of the Hare {EV+10}
  9890 | D:12     | Found a staircase to the Orcish Mines.
  9905 | D:12     | Found a roughly hewn altar of Beogh.
 10052 | D:12     | Found a roughly hewn altar of Beogh.
 10053 | D:12     | Noticed an orc high priest
 10064 | D:12     | Killed an orc high priest
 10065 | D:12     | Reached skill level 15 in Shields
 10305 | D:12     | Identified the +2 pair of gloves "Rarghia" {Str-3 Int+6}
 10436 | Orc:1    | Entered Level 1 of the Orcish Mines
 10448 | Orc:1    | Found Psuteydd's Practical Paraphernalia.
 10578 | Orc:1    | Reached ****** piety under Qazlal
 10591 | Orc:1    | Noticed Erolcha
 10596 | Orc:1    | Killed Erolcha
 10785 | Orc:1    | Reached skill level 20 in Axes
 11048 | Orc:2    | Entered Level 2 of the Orcish Mines
 11057 | Orc:2    | Reached XP level 13. HP: 101/104 MP: 12/12
 11124 | Orc:2    | Noticed an ettin
 11128 | Orc:2    | Reached skill level 1 in Invocations
 11133 | Orc:1    | Killed an ettin
 11474 | Orc:2    | Found a staircase to the Elven Halls.
 11559 | Orc:2    | Reached skill level 5 in Invocations
 11927 | Orc:2    | Found Hyaraigy's Antique Armour Emporium.
 12096 | Orc:2    | Found Zolyton's Distillery.
 12099 | Orc:2    | Found Awkam's General Store.
 12206 | Orc:2    | Found Feiqanluun's Book Shoppe.
 12282 | Orc:2    | Reached skill level 5 in Dodging
 12433 | Orc:2    | Found Palei's Antique Armour Emporium.
 12433 | Orc:2    | Found Efrunyus's Book Shoppe.
 12434 | Orc:2    | Found a one-way gate leading to the halls of Pandemonium.
 12437 | Orc:2    | Reached skill level 10 in Fighting
 12482 | Orc:2    | Bought a potion of might for 48 gold pieces
 12482 | Orc:2    | Bought 2 potions of haste for 240 gold pieces
 12482 | Orc:2    | Bought a potion of haste for 120 gold pieces
 12482 | Orc:2    | Bought a potion of haste for 120 gold pieces
 12482 | Orc:2    | Bought a potion of mutation for 96 gold pieces
 12482 | Orc:2    | Bought a potion of heal wounds for 60 gold pieces
 12482 | Orc:2    | Bought a potion of might for 48 gold pieces
 12482 | Orc:2    | Bought a potion of enlightenment for 60 gold pieces
 12482 | Orc:2    | Bought a potion of curing for 36 gold pieces
 12533 | Orc:2    | Bought a manual of Dodging for 880 gold pieces
 12644 | Orc:2    | Bought a pair of boots for 90 gold pieces
 12793 | Lair:1   | Entered Level 1 of the Lair of Beasts
 13594 | Lair:2   | Noticed Fannar
 13602 | Lair:2   | Killed Fannar
 13603 | Lair:2   | Reached XP level 14. HP: 123/124 MP: 17/17
 13638 | Lair:2   | Found a hole to the Spider Nest.
 13734 | Lair:2   | Identified the staff "Veefaci" {rPois rF+ rC++ Alchemy}
 13986 | Lair:2   | Found a staircase to the Shoals.
 14499 | Lair:3   | Reached skill level 1 in Armour
 14609 | Lair:4   | Reached skill level 10 in Dodging
 15953 | Lair:4   | Found a transporter.
 15958 | Lair:4   | Noticed SkaryMonk's ghost (journeyman CoGl)
 16048 | Lair:4   | Found a runed translucent door.
 16051 | Lair:4   | Noticed a reaper
 16214 | Lair:4   | Found a transporter.
 16221 | Lair:4   | Found a one-way gate to the infinite horrors of the Abyss.
 16236 | Lair:4   | Found a viscous altar of Jiyva.
 16237 | Lair:4   | Found a staircase to the Slime Pits.
 16562 | Lair:4   | Killed a reaper
 16670 | Lair:5   | Entered Level 5 of the Lair of Beasts
 16856 | Lair:5   | Reached skill level 5 in Armour
 16865 | Lair:5   | Reached XP level 15. HP: 137/137 MP: 20/20
 16999 | Lair:5   | Found a shimmering altar of Xom.
 17341 | Lair:5   | Found a corrupted altar of Lugonu.
 17663 | Lair:5   | Identified the +1 robe of the Gloaming {Regen+}
 17864 | Lair:5   | Identified the ring of the Marlin {rElec rC+ rCorr}
 18221 | D:13     | Noticed Frances
 18237 | D:12     | Killed Frances
 18364 | D:13     | Reached skill level 15 in Fighting
 18408 | D:13     | Found Rasaez's Antique Armour Shoppe.
 18429 | D:13     | Bought a runed cloak for 247 gold pieces
 19597 | D:14     | Found a gate to the Vaults.
 19724 | D:15     | Entered Level 15 of the Dungeon
 19866 | D:15     | Found a gate leading to a gauntlet.
 19872 | Gauntlet | Entered a Gauntlet
 19872 | Gauntlet | Found a transporter.
 19891 | Gauntlet | Found a transporter.
 19891 | Gauntlet | Found a transporter.
 19898 | Gauntlet | Found a transporter.
 19913 | Gauntlet | Found a transporter.
 19918 | Gauntlet | Found a transporter.
 19933 | Gauntlet | Found a transporter.
 19952 | Gauntlet | Found a transporter.
 19964 | Gauntlet | Found a transporter.
 19976 | Gauntlet | Found a transporter.
 19988 | Gauntlet | Found a transporter.
 20009 | Gauntlet | Found a transporter.
 20026 | Gauntlet | Found a transporter.
 20043 | Gauntlet | Found a transporter.
 20045 | Gauntlet | Found a transporter.
 20047 | Gauntlet | Found a runed translucent gate.
 20047 | Gauntlet | Found a runed translucent gate.
 20047 | Gauntlet | Found a runed translucent gate.
 20052 | Gauntlet | Found a large runed translucent door.
 20052 | Gauntlet | Found a large runed translucent door.
 20052 | Gauntlet | Found a large runed translucent door.
 20052 | Gauntlet | Found a large runed translucent door.
 20053 | Gauntlet | Found a large runed translucent door.
 20053 | Gauntlet | Found a large runed translucent door.
 20054 | Gauntlet | Found a large runed translucent door.
 20054 | Gauntlet | Found a large runed translucent door.
 20057 | Gauntlet | Found a large runed translucent door.
 20057 | Gauntlet | Found a large runed translucent door.
 20057 | Gauntlet | Found a runed translucent door.
 20057 | Gauntlet | Found a runed translucent door.
 20058 | Gauntlet | Found a large runed translucent door.
 20059 | Gauntlet | Found a large runed translucent door.
 20068 | Gauntlet | Found a large runed translucent door.
 20068 | Gauntlet | Found a large runed translucent door.
 20069 | Gauntlet | Found a large runed translucent door.
 20070 | Gauntlet | Found a large runed translucent door.
 20072 | Gauntlet | Found a transporter.
 20162 | Gauntlet | Found a transporter.
 20297 | Gauntlet | Found a transporter.
 20369 | Gauntlet | Identified the +0 cloak of Failure {rElec rC+ Regen+}
 20434 | Gauntlet | Reached XP level 16. HP: 151/151 MP: 21/21
 20449 | Gauntlet | Identified the ring of Knowledge {rC+ rCorr}
 20668 | D:15     | Reached skill level 1 in Evocations
 20683 | D:15     | Found a bloodstained altar of Trog.
 21110 | D:15     | Found a staircase to the Depths.
 21328 | Shoals:1 | Entered Level 1 of the Shoals
 21439 | Shoals:1 | Noticed a kraken
 21452 | Shoals:1 | Killed a kraken
 21591 | Shoals:1 | Found Wecher's Book Emporium.
 22437 | Shoals:2 | Found Keugejam's Assorted Antiques.
 22446 | Shoals:2 | Bought a scroll of fear for 112 gold pieces
 22446 | Shoals:2 | Bought a scroll of blinking for 210 gold pieces
 22446 | Shoals:2 | Bought a scroll of fog for 112 gold pieces
 22921 | Shoals:3 | Found a transporter.
 22934 | Shoals:3 | Reached skill level 10 in Armour
 23017 | Shoals:3 | Found a transporter.
 23576 | Shoals:4 | Entered Level 4 of the Shoals
 23754 | Shoals:4 | Reached XP level 17. HP: 102/161 MP: 22/22
 23817 | Shoals:4 | Reached skill level 5 in Evocations
 24092 | Shoals:4 | Got a barnacled rune of Zot
 24212 | Shoals:4 | Identified the +9 mace of the Keeping Gods {drain, Int+3}
 24583 | Spider:1 | Entered Level 1 of the Spider Nest
 25774 | Spider:2 | Identified the +4 ring mail of Birihiciul {rC+ Int+3}
 26063 | Spider:2 | Found a large runed translucent door.
 26063 | Spider:2 | Found a large runed translucent door.
 26065 | Spider:2 | Noticed Adeche Beuh's ghost (journeyman DrCj)
 26134 | Spider:2 | Killed Adeche Beuh's ghost
 26176 | Spider:3 | Reached XP level 18. HP: 173/173 MP: 23/23
 26510 | Spider:3 | Found a glacial archway.
 26533 | IceCv    | Entered an ice cave
 26775 | IceCv    | Noticed a shard shrike
 26785 | IceCv    | Killed a shard shrike
 27521 | Spider:4 | Entered Level 4 of the Spider Nest
 28140 | Spider:4 | Reached XP level 19. HP: 174/183 MP: 24/24
 28499 | Spider:4 | Got a gossamer rune of Zot
 28761 | Lair:4   | Killed SkaryMonk's ghost
 29014 | Vaults:1 | Entered Level 1 of the Vaults
 29093 | Vaults:1 | Reached skill level 15 in Armour
 30094 | Vaults:2 | Reached skill level 15 in Dodging
 30324 | Vaults:2 | You fall into a shaft and drop 1 floor!
 30389 | Vaults:3 | Reached skill level 10 in Invocations
 30442 | Vaults:3 | Reached XP level 20. HP: 113/195 MP: 20/26
 30678 | Vaults:3 | Found a flickering gateway to a bazaar.
 30687 | Bazaar   | Entered a bazaar
 30703 | Bazaar   | Found Pezoebes's Assorted Antiques.
 30704 | Bazaar   | Found Duykiaz's Weapon Shoppe.
 30713 | Bazaar   | Bought a scroll of enchant armour for 142 gold pieces
 30749 | Bazaar   | Found Qatuaq Gic's Assorted Antiques.
 30749 | Bazaar   | Found Xotzaat's Book Emporium.
 30757 | Bazaar   | Bought a scroll of blinking for 277 gold pieces
 30757 | Bazaar   | Bought 3 scrolls of enchant armour for 832 gold pieces
 30794 | Bazaar   | Bought an opal ring for 95 gold pieces
 31046 | Vaults:3 | Found a staircase to the Crypt.
 32057 | Vaults:2 | Noticed Vatovie's ghost (veteran MiFi)
 32058 | Vaults:2 | Found a large runed translucent door.
 32058 | Vaults:2 | Found a large runed translucent door.
 32058 | Vaults:2 | Identified the ring of Free Expression {rElec Str+6 Dex+6}
 33310 | Vaults:5 | Entered Level 5 of the Vaults
 33310 | Vaults:5 | Noticed a golden dragon
 33311 | Vaults:5 | Noticed an ancient lich
 33342 | Vaults:4 | Reached XP level 21. HP: 165/204 MP: 28/28
 33357 | Vaults:5 | Noticed a golden dragon
 33358 | Vaults:5 | Noticed a dread lich
 33358 | Vaults:5 | Noticed a dread lich
 33703 | Slime:1  | Entered Level 1 of the Pits of Slime
 33712 | Slime:1  | Gained mutation: Your spells are a little easier to cast,
                  | but a little less powerful. [a shining eye]
 33714 | Slime:1  | Gained mutation: You have hidden genetic defects. [a
                  | shining eye]
 33718 | Slime:1  | Gained mutation: You are frail. (-10% HP) [a shining eye]
 33735 | Slime:1  | Lost mutation: You are frail. (-10% HP) [potion of
                  | mutation]
 33735 | Slime:1  | Lost mutation: Your spells are a little easier to cast, but
                  | a little less powerful. [potion of mutation]
 33735 | Slime:1  | Gained mutation: Your spells are a little harder to cast,
                  | but a little more powerful. [potion of mutation]
 33735 | Slime:1  | Gained mutation: Your flesh is cold resistant. (rC+)
                  | [potion of mutation]
 33736 | Slime:1  | Lost mutation: You have hidden genetic defects. [potion of
                  | mutation]
 33736 | Slime:1  | Lost mutation: Your spells are a little harder to cast, but
                  | a little more powerful. [potion of mutation]
 33736 | Slime:1  | Lost mutation: Your flesh is cold resistant. (rC+) [potion
                  | of mutation]
 33736 | Slime:1  | Gained mutation: You occasionally shout uncontrollably at
                  | your foes. [potion of mutation]
 33736 | Slime:1  | Gained mutation: You frequently scream uncontrollably at
                  | your foes. [potion of mutation]
 33736 | Slime:1  | Gained mutation: You have large cloven feet. [potion of
                  | mutation]
 33736 | Slime:1  | Gained mutation: Your muscles are strong. (Str +4, Int/Dex
                  | -1) [potion of mutation]
 35367 | Slime:5  | Entered Level 5 of the Pits of Slime
 35382 | Slime:5  | Noticed the Royal Jelly
 35522 | Slime:5  | Killed the Royal Jelly
 35994 | Slime:4  | Gained mutation: You are vulnerable to cold. (rC-) [a
                  | shining eye]
 36240 | Slime:5  | Got a slimy rune of Zot
 36249 | Slime:5  | Identified the staff of Painful Death {rC+ Tloc Ice}
 36276 | Slime:5  | Got the Teachings on Turbulent Substances
 36281 | Slime:5  | Got Lom Lobon's Grimoire of Forces
 36310 | Slime:5  | Got the Encyclopedia of Polluted Bad Luck
 36337 | Slime:5  | Got the Directory of Haze and Freezing
 36339 | Slime:5  | Acquired the +12 broad axe of the Conjuring Augurer {drain,
                  | rElec rPois rC+}
 37024 | Vaults:5 | Identified the ring "Ruyghel" {rN++ EV+5 Dex-5 SInv}
 37040 | Vaults:5 | Reached XP level 22. HP: 210/214 MP: 30/30
 37052 | Vaults:5 | Killed an ancient lich
 37179 | Vaults:5 | Paralysed by a dread lich for 2 turns
 37183 | Vaults:5 | Killed a dread lich
 37229 | Vaults:5 | Identified the +6 shortbow "Pihub" {heavy, rElec rPois
                  | Will+ Dex+3}
 37361 | Abyss:3  | Cast into level 3 of the Abyss (a deep elf sorcerer)
 37466 | Abyss:3  | Found a corrupted altar of Lugonu.
 37615 | Abyss:3  | Gained mutation: You are dopey. (Int -2) [a neqoxec]
 37622 | Abyss:3  | Gained mutation: Your spells are a little easier to cast,
                  | but a little less powerful. [a neqoxec]
 37641 | Abyss:3  | Noticed an ancient lich
 37647 | Abyss:3  | Killed an ancient lich
 37663 | Abyss:3  | Got an abyssal rune of Zot
 37671 | Vaults:5 | Escaped the Abyss
 37728 | Vaults:5 | Noticed Margery
 37749 | Vaults:5 | Killed a dread lich
 37788 | Vaults:5 | Killed a golden dragon
 37788 | Vaults:5 | Killed Margery
 37794 | Vaults:5 | Killed a golden dragon
 37795 | Vaults:5 | Reached XP level 23. HP: 175/229 MP: 19/31
 38133 | Vaults:5 | Got the Precepts of Hypothermia and Convocation
 38167 | Vaults:5 | Got a silver rune of Zot
 38289 | Vaults:5 | Identified the +0 cloak of Failure {rN+}
 38364 | Vaults:5 | Identified the +2 robe of Siajeb {+Inv rN+ Slay+3 Stlth-}
 38474 | Vaults:5 | Identified the +0 robe of Tasyk {rPois rN+++ Str-5 Dex-5}
 38485 | Vaults:5 | Identified the staff "Vulleg" {^Drain rF+ rCorr Dex-4 SInv
                  | Fire}
 39075 | Crypt:1  | Entered Level 1 of the Crypt
 40605 | Crypt:3  | Entered Level 3 of the Crypt
 40737 | Crypt:3  | Identified the ring of the Duke {Ice rElec Str+3}
 40737 | Crypt:3  | Noticed Josephina
 40752 | Crypt:3  | Killed Josephina
 40880 | Crypt:3  | Noticed Mennas
 40888 | Crypt:3  | Killed Mennas
 41174 | Crypt:3  | Noticed Zenata
 41182 | Crypt:3  | Killed Zenata
 41532 | Crypt:3  | Found a staircase to the Tomb.
 41692 | Crypt:3  | Noticed an ancient lich
 41702 | Crypt:3  | Killed an ancient lich
 41753 | Crypt:3  | Identified the ring "Qibemud" {rCorr Str+4 Int+4}
 41894 | Crypt:3  | Identified the staff of Qatoopuu {rN+ Dex+6 Necro}
 41912 | Crypt:3  | Identified the amulet "Uleudyle" {Acrobat rF+ rN+ Str+5}
 41913 | Crypt:3  | Identified the +0 plate armour "Ukhizion" {rElec}
 42823 | D:12     | You showed the slimy rune of Zot to enter a treasure trove
 42824 | Trove    | Entered a treasure trove
 42833 | Trove    | Identified the +3 war axe "Gigaupp" {drain, rN++ Int+5
                  | Dex-5}
 42975 | Depths:1 | Entered Level 1 of the Depths
 42995 | Depths:1 | Reached XP level 24. HP: 237/243 MP: 32/32
 43034 | Depths:1 | Lost mutation: You are dopey. (Int -2) [potion of mutation]
 43034 | Depths:1 | Lost mutation: Your spells are a little easier to cast, but
                  | a little less powerful. [potion of mutation]
 43034 | Depths:1 | Gained mutation: You are partially covered in large bone
                  | plates. (SH +4) [potion of mutation]
 43034 | Depths:1 | Gained mutation: Your muscles are very strong. (Str +8,
                  | Int/Dex -2) [potion of mutation]
 43035 | Depths:1 | Lost mutation: You are partially covered in large bone
                  | plates. (SH +4) [potion of mutation]
 43035 | Depths:1 | Lost mutation: You are vulnerable to cold. (rC-) [potion of
                  | mutation]
 43035 | Depths:1 | Gained mutation: You have hidden genetic potential. [potion
                  | of mutation]
 43062 | Depths:1 | Found Samen's Armour Shoppe.
 43090 | Depths:1 | Found a stormy altar of Qazlal.
 43190 | Depths:1 | Noticed Nikola
 43192 | Depths:1 | Noticed an ancient lich
 43196 | Depths:1 | Killed Nikola
 43281 | Depths:1 | Found Diun's Assorted Antiques.
 43309 | Depths:1 | Bought a scroll of enchant armour for 330 gold pieces
 43309 | Depths:1 | Bought a potion of might for 176 gold pieces
 43410 | Depths:1 | Found a gateway to Hell.
 43514 | Depths:1 | Found Zaehiash's Antique Armour Shop.
 43798 | Depths:1 | Found a one-way gateway to a ziggurat.
 44933 | Depths:3 | Found Huone's Weapon Shoppe.
 45246 | Depths:3 | Found an iron altar of Okawaru.
 45633 | Depths:3 | Identified the +0 leather armour "Fikuoko" {rPois}
 45861 | Hell     | Entered the Vestibule of Hell
 45861 | Hell     | Noticed Geryon
 46172 | Depths:4 | Entered Level 4 of the Depths
 46176 | Depths:4 | Noticed the Enchantress
 46177 | Depths:4 | Reached skill level 10 in Evocations
 46188 | Depths:3 | Killed the Enchantress
 46557 | Depths:4 | Noticed Jory
 46565 | Depths:4 | Killed Jory
 46566 | Depths:4 | Reached XP level 25. HP: 224/255 MP: 32/32
 46577 | Depths:4 | Noticed a juggernaut
 46583 | Depths:4 | Gained mutation: Your mind is acute. (Int +4, Str/Dex -1)
                  | [hidden potential]
 46587 | Depths:4 | Killed a juggernaut
 46813 | Depths:4 | Identified the ring "Raem" {*Corrode Fly rF+ rN++ MP+9
                  | Dex-3}
 46835 | Depths:4 | Found a gate to the Realm of Zot.
 46861 | Depths:4 | Found a glowing golden altar of the Shining One.
 46942 | Zot:1    | Entered Level 1 of the Realm of Zot
 46946 | Zot:1    | Noticed an orb of fire
 46956 | Zot:1    | Gained mutation: You occasionally lose the ability to drink
                  | potions when taking damage. [an orb of fire]
 46960 | Depths:4 | Gained mutation: Armour fits poorly on your strangely
                  | shaped body. [an orb of fire]
 46961 | Depths:4 | Gained mutation: You are vulnerable to cold. (rC-) [an orb
                  | of fire]
 46963 | Depths:4 | Killed an orb of fire
 47022 | Zot:1    | You fall into a shaft and drop 1 floor!
 47276 | Zot:2    | Lost mutation: You occasionally lose the ability to drink
                  | potions when taking damage. [potion of mutation]
 47276 | Zot:2    | Lost mutation: Your muscles are very strong. (Str +8,
                  | Int/Dex -2) [potion of mutation]
 47276 | Zot:2    | Lost mutation: You have large cloven feet. [potion of
                  | mutation]
 47276 | Zot:2    | Gained mutation: You are partially covered in large bone
                  | plates. (SH +4) [potion of mutation]
 47277 | Zot:2    | Lost mutation: Armour fits poorly on your strangely shaped
                  | body. [potion of mutation]
 47277 | Zot:2    | Lost mutation: Your muscles are strong. (Str +4, Int/Dex
                  | -1) [potion of mutation]
 47277 | Zot:2    | Lost mutation: You have hidden genetic potential. [potion
                  | of mutation]
 47277 | Zot:2    | Gained mutation: You are agile. (Dex +4, Str/Int -1)
                  | [potion of mutation]
 47277 | Zot:2    | Gained mutation: You are frail. (-10% HP) [potion of
                  | mutation]
 47277 | Zot:2    | Gained mutation: You expend magic power (3 MP) to
                  | strengthen your wands. [potion of mutation]
 47580 | Zot:1    | Reached skill level 21 in Axes
 49050 | Zot:1    | Reached skill level 22 in Axes
 49154 | Zot:1    | Identified the +8 orcbow of the Big Bang {drain, rElec
                  | rPois rCorr}
 49646 | Zot:2    | Reached skill level 23 in Axes
 49686 | Zot:3    | Reached skill level 15 in Invocations
 49955 | Zot:3    | Paralysed by a jorogumo for 3 turns
 50110 | Zot:3    | Reached skill level 24 in Axes
 50163 | Zot:3    | Identified the +0 plate armour of Servitude {rElec rPois
                  | Str+3}
 50186 | Zot:3    | Reached XP level 26. HP: 237/237 MP: 33/33
 50228 | Zot:3    | Identified the +0 leather armour "Vuqedak" {Str-3 Int+5
                  | Stlth+}
 51342 | Zot:4    | Reached skill level 25 in Axes
 52219 | Zot:5    | Entered Level 5 of the Realm of Zot
 52712 | Zot:5    | Reached skill level 26 in Axes
 52775 | Zot:5    | Noticed an orb of fire
 52781 | Zot:5    | Gained mutation: You are very frail. (-20% HP) [an orb of
                  | fire]
 52782 | Zot:5    | Killed an orb of fire
 52784 | Zot:5    | Noticed a dread lich
 52794 | Zot:5    | Killed a dread lich
 52842 | Zot:5    | Noticed an ancient lich
 52842 | Zot:5    | Noticed an orb of fire
 52848 | Zot:5    | Gained mutation: You sometimes lose your temper in combat.
                  | [an orb of fire]
 52854 | Zot:5    | Noticed an orb of fire
 52860 | Zot:5    | Lost mutation: You frequently scream uncontrollably at your
                  | foes. [an orb of fire]
 52862 | Zot:5    | Killed an orb of fire
 52872 | Zot:5    | Killed an ancient lich
 52874 | Zot:5    | Gained mutation: Your health recovers twice as slowly from
                  | being drained. [an orb of fire]
 52876 | Zot:5    | Gained mutation: You occasionally lose the ability to read
                  | scrolls when taking damage. [an orb of fire]
 52877 | Zot:5    | Killed an orb of fire
 52941 | Zot:5    | Noticed a dread lich
 52943 | Zot:5    | Reached skill level 27 in Axes
 52950 | Zot:5    | Killed a dread lich
 52971 | Zot:5    | Noticed an orb of fire
 52995 | Zot:5    | Lost mutation: Your mind is acute. (Int +4, Str/Dex -1) [an
                  | orb of fire]
 53001 | Zot:5    | Killed an orb of fire
 53051 | Zot:5    | Lost mutation: You are vulnerable to cold. (rC-) [potion of
                  | mutation]
 53051 | Zot:5    | Lost mutation: You are agile. (Dex +4, Str/Int -1) [potion
                  | of mutation]
 53051 | Zot:5    | Lost mutation: You are partially covered in large bone
                  | plates. (SH +4) [potion of mutation]
 53051 | Zot:5    | Gained mutation: Your mind is acute. (Int +4, Str/Dex -1)
                  | [potion of mutation]
 53052 | Zot:5    | Lost mutation: Your mind is acute. (Int +4, Str/Dex -1)
                  | [potion of mutation]
 53052 | Zot:5    | Lost mutation: You expend magic power (3 MP) to strengthen
                  | your wands. [potion of mutation]
 53052 | Zot:5    | Lost mutation: Your health recovers twice as slowly from
                  | being drained. [potion of mutation]
 53052 | Zot:5    | Gained mutation: Armour fits poorly on your strangely
                  | shaped body. [potion of mutation]
 53053 | Zot:5    | Lost mutation: You occasionally shout uncontrollably at
                  | your foes. [potion of mutation]
 53053 | Zot:5    | Lost mutation: You occasionally lose the ability to read
                  | scrolls when taking damage. [potion of mutation]
 53053 | Zot:5    | Lost mutation: Armour fits poorly on your strangely shaped
                  | body. [potion of mutation]
 53053 | Zot:5    | Gained mutation: You are clumsy. (Dex -2) [potion of
                  | mutation]
 53053 | Zot:5    | Gained mutation: You passively dampen the noise of your
                  | surroundings. [potion of mutation]
 53053 | Zot:5    | Gained mutation: You are covered in fur. (AC +1) [potion of
                  | mutation]
 53053 | Zot:5    | Gained mutation: You have hidden genetic potential. [potion
                  | of mutation]
 53078 | Zot:5    | Noticed a dread lich
 53083 | Zot:5    | Killed a dread lich
 53123 | Zot:5    | Noticed a dread lich
 53129 | Zot:5    | Noticed an orb of fire
 53130 | Zot:5    | Gained mutation: You occasionally lose the ability to read
                  | scrolls when taking damage. [an orb of fire]
 53130 | Zot:5    | Gained mutation: Your spells are a little easier to cast,
                  | but a little less powerful. [an orb of fire]
 53140 | Zot:5    | Killed a dread lich
 53141 | Zot:5    | Reached XP level 27. HP: 199/216 MP: 35/35
 53146 | Zot:5    | Killed an orb of fire
 53413 | Zot:5    | Got the Orb of Zot
 53492 | Zot:3    | Noticed Hoheutor the pandemonium lord
 53600 | Depths:4 | Noticed Loug the pandemonium lord
 53750 | D:14     | Noticed Ethrilaus the pandemonium lord
 53998 | D:$      | Escaped with the Orb!

Illustrated notes

Levels and vault maps discovered:
D:1:      heliophobic_arrival_battle_scene, layout_loops_corners, st_stairs_13,
          hangedman_glass_garden, nicolae_figureground_pulse
D:2:      layout_basic, serial_park_tiny_1, uniq_robin
D:3:      layout_loops_ring, grunt_temple_overflow_open, general_overflow_altar,
          shapermc_ecumenical_altar_mp_urbaneastern, serial_shops,
          nicolae_diamond_shop, uniq_ijyb
D:4:      layout_basic, marbit_many_paths, nicolae_goblin_pals,
          uniq_crazy_yiuf_cottage
D:5:      layout_cave_pools, minmay_shop_grid_forest
D:6:      layout_rooms, zin_angel, jmf_multi_god_temple2, fountainhead,
          st_stairs_9, uniq_jeremiah
D:7:      minmay_skewed_foursquare, layout_loops_ring,
          nzn_hepliaklqana_mist_gate, lemuel_temple_firewalk_a, enter_bailey_6,
          serial_rivers, chequers_serial_rivers_micro_b,
          chequers_serial_rivers_marsh, chequers_serial_rivers_small_b,
          chequers_serial_rivers_small_3, chequers_serial_rivers_micro_a
D:8:      layout_basic, mainiacjoe_overflow_boulevard, lair_entry_dummy,
          uniq_pikel, uniq_grum, uniq_maurice
D:9:      layout_roguey, fedhas_altar_2
D:10:     layout_cave_pools, kiku_gazebo_garden_becter, nzn_random_ring
D:11:     layout_roguey, gammafunk_ghost_grave, uniq_erica, uniq_harold
D:12:     orc_temple, layout_cave_pools, minmay_orc_entry_temple_small,
          nicolae_trove_entry_isolated, grunt_decor_fettered, xom_redecorated
D:13:     layout_irregular_city, serial_shops, shop, serial_bayou_lake_a,
          uniq_frances
D:14:     layout_rooms, david_vaults_1, chequers_serial_rivers_marsh,
          serial_corexii_hall, corexii_hall_statues_l, corexii_hall_statues_t,
          chequers_hall_statues_wall_a
D:15:     grunt_enter_depths_snipers, layout_long_grid, gauntlet_entry_generic,
          lemuel_round_altar
Lair:1:   layout_loops_ring, serial_bayou_pond_c
Lair:2:   layout_chaotic_city, nicolae_shoals_entry_flooding,
          nicolae_spider_entry_lesser_pyramids, uniq_fannar
Lair:3:   layout_layer_cave
Lair:4:   layout_roguey, slime_entry_1, gammafunk_ghost_abyssal_escape,
          serial_forest, infiniplex_forest_straight_4,
          infiniplex_forest_lined_3_way, infiniplex_forest_end_double,
          infiniplex_forest_clump_long, infiniplex_forest_fountain,
          infiniplex_forest_clump_medium, pdpol_lair_cabin_in_the_woods
Lair:5:   hellmonk_lair_end_abyssal_woods, layout_regular_city,
          lemuel_centaur_altar, grunt_megastairs_2
Shoals:1: layout_shoals, serial_shops, shop
Shoals:2: layout_shoals, serial_shops, nicolae_shop_peninsula,
          nicolae_shoals_shepherds
Shoals:3: gammafunk_sealed_arena, layout_shoals
Shoals:4: shoals_end_simple, layout_shoals
Spider:1: spiders_nest_a
Spider:2: layout_spider_delve, ebering_ghost_disaster_area,
          hangedman_spider_tarantella_strand
Spider:3: layout_spider_delve, portal_ice_cave_entry_ugly_swarm,
          nicolae_orb_stairs
Spider:4: floodkiller_spider_rune_tomb, nicolae_spider_bug_shape
Slime:1:  layout_caves
Slime:2:  layout_caves
Slime:3:  layout_caves
Slime:4:  layout_caves
Slime:5:  slime_pit
Orc:1:    layout_caves, nicolae_alphabet_shops, blackcustard_mines_bat_river,
          uniq_erolcha
Orc:2:    pf_orc_diabolical, layout_caves, serial_shops, shop,
          guppyfry_orc_lava_fort
Vaults:1: cheibrodos_statue_roulette, nicolae_vaults_mini_display_case,
          hangedman_vaults_snaps, nicolae_vaults_doubleplus_tesselated,
          hangedman_vaults_river_flow, dpeg_vaults_monster_box,
          ontoclasm_vaults_shuriken, nicolae_vaults_tetromino_Z_1,
          hangedman_vaults_stitches, vaults_room_semicircle,
          nicolae_vaults_specimen_jars, vaults_dpeg_diagonal,
          nicolae_vaults_double_plus_1, layout_vaults_maze_bifur
Vaults:2: advil_vaults_ghost_guards, hangedman_vaults_corner,
          nicolae_vaults_wine_cellar, nicolae_vaults_six-pack,
          nicolae_vaults_closet_pinwheel_1, vaults_room_pool, minmay_orc_keep,
          hangedman_vaults_maws, ontoclasm_vaults_gateway,
          nicolae_vaults_tangram_2, vaults_room_semicircle,
          layout_vaults_omnicross
Vaults:3: grunt_vaults_diagonal, vaults_room_hallway, vaults_standard_mumra_x,
          nicolae_vaults_double_plus_1, nicolae_vaults_storage_closets_2,
          serial_ice_h, minmay_crypt_entry_simple_box, nicolae_vaults_alarming,
          nicolae_vaults_border_crossing, layout_vaults_omnigrid, serial_shops,
          bzr_entry_customers
Vaults:4: hangedman_vaults_cutoff, nicolae_vaults_little_ls,
          hangedman_vaults_cutoff, v_misc_14, hangedman_vaults_variations,
          ontoclasm_vaults_tryst, ontoclasm_vaults_eye, layout_vaults_big_room
Vaults:5: uniq_margery
Crypt:1:  layout_regular_city, serial_library_hellmonk_hallway_b,
          grunt_ministairs_3, grunt_crypt_arrival_guarded_gate
Crypt:2:  layout_gridlike
Crypt:3:  due_elkab, layout_chaotic_city, nicolae_tomb_entry_grand_gallery,
          serial_co_window_serial, co_window_corner_a, co_window_corner_a,
          co_window_of_opportunity_a, co_window_paths_b, co_window_corner_a,
          co_window_unsneaky_path_a, co_window_paths_c, co_window_paths_c,
          amcnicky_mini_corridor_feature, uniq_josephina, uniq_zenata,
          uniq_mennas
Depths:1: layout_long_grid, enter_ziggurat_d, hellmouth_1, serial_shops,
          kennysheep_mini_moat, shop, nicolae_shop_rolling_square,
          rand_demon_pan_entry_3, abyss_entry, nicolae_qazlal_style_of_elements,
          uniq_nikola
Depths:2: minmay_the_grid_triangle_9x9_recursive_3_mashed
          [minmay_the_grid_triangle_9x9_thin_v,
          minmay_the_grid_triangle_9x9_zippers_vertical,
          minmay_the_grid_triangle_9x9_corrupted_corridor,
          minmay_the_grid_triangle_9x9_prize_center,
          minmay_the_grid_triangle_9x9_limited_checkers,
          minmay_the_grid_triangle_9x9_cache,
          minmay_the_grid_triangle_9x9_pentomino_pain,
          minmay_the_grid_triangle_9x9_windchime,
          minmay_the_grid_triangle_9x9_descending_squares], layout_gridlike,
          regret_index_abyss_entry_earlier_magic, hell_entry,
          rand_demon_pan_entry_7, chequers_serial_rivers_small_3,
          chequers_serial_rivers_marsh
Depths:3: evilmike_iron_armoury, layout_twisted_cross, serial_shops,
          nicolae_shop_bloodbath_and_beyond, serial_sigils_hangedman_gut,
          minmay_room_of_horrors, hell_entry
Depths:4: grunt_zot_entry_alcove, layout_gridville, hell_entry,
          dreamdust_wishing_well, tso_oasis_becter, uniq_enchantress, uniq_jory
Hell
Zot:1:    layout_basic, nicolae_lava_and_water, grunt_ministairs_7,
          lemuel_baited_zot_trap
Zot:2:    nicolae_zot_stationary_front, layout_basic
Zot:3:    layout_twisted_circle, amethyst_zot_foddershock,
          regret_index_zotdec_banners
Zot:4:    layout_basic, regret_index_zotdec_onion_hex, grunt_megastairs_1
Zot:5:    layout_gridville

Skill      XL: |  1  2  3  4  5  6  7  8  9 10 11 12 13 14 15 16 17 18 19 20 21 22 23 24 25 26 27 |
---------------+----------------------------------------------------------------------------------+-----
Axes           | 4 5 6 7 8 10 12 15 17 20 24 27 | 27.0
Fighting       | 3 4 5 6 11 13 16 17 18 19 20 21 22 23 25 26 | 26.6
Shields        | 1 3 4 6 8 10 11 13 15 16 18 20 22 23 25 26 | 26.7
Invocations    | 6 9 10 11 12 13 14 15 18 19 | 19.5
Dodging        | 8 11 14 15 16 17 18 | 18.0
Armour         | 5 8 10 12 14 15 17 18 20 22 24 26 | 26.6
Evocations     | 4 6 7 8 11 | 11.0
Throwing       | |  2.0

Action                     |  1- 3 |  4- 6 |  7- 9 | 10-12 | 13-15 | 16-18 | 19-21 | 22-24 | 25-27 || total
---------------------------+-------+-------+-------+-------+-------+-------+-------+-------+-------++-------
  Melee: War axe           |    83 |   123 |   127 |       |       |       |       |       |       ||   333
         Headbutt          |     8 |    21 |    39 |    66 |   136 |   188 |   223 |   315 |   237 ||  1233
         Broad axe         |       |       |    72 |   308 |   639 |   864 |   833 |  1174 |   785 ||  4675
  Throw: Javelin           |       |     2 |       |       |       |       |       |       |       ||     2
 Invoke: Upheaval          |       |       |     1 |     2 |       |     3 |       |     1 |     1 ||     8
         Elemental Force   |       |       |       |       |       |       |     4 |     1 |     1 ||     6
         Disaster Area     |       |       |       |       |       |       |       |     2 |     3 ||     5
  Evoke: Wand              |       |       |       |       |       |       |     1 |       |     5 ||     6
         Lightning rod     |       |       |       |       |       |       |       |       |     2 ||     2
    Use: Scroll            |       |       |    12 |    17 |     3 |     2 |    13 |     6 |     7 ||    60
         Potion            |       |       |       |     3 |       |     2 |     6 |    13 |    25 ||    49
   Stab: Invisible         |       |       |       |     1 |       |       |       |     1 |       ||     2
         Held in net/web   |       |       |       |       |       |     1 |       |       |       ||     1
         Paralysed         |       |       |       |       |       |       |       |       |     1 ||     1
 Armour: Leather armour    |    60 |    62 |    75 |       |       |       |       |       |       ||   197
         Chain mail        |       |       |    35 |   110 |   129 |   248 |       |       |       ||   522
         Plate armour      |       |       |       |       |       |    53 |   352 |    86 |       ||   491
         Crystal plate arm |       |       |       |       |       |       |       |   234 |   476 ||   710
  Dodge: Dodged            |    60 |    47 |    55 |    41 |   166 |   398 |   418 |   242 |   238 ||  1665
         Repelled          |       |       |       |     5 |    11 |    23 |    26 |    61 |   147 ||   273
  Block: Tower shield      |       |    88 |   256 |   424 |   799 |  1579 |  1416 |  1741 |  1398 ||  7701

Table legend: (Time is in decaauts)
 A = Elapsed time spent in this place.
 B = Non-inter-level travel time spent in this place.
 C = Inter-level travel time spent in this place.
 D = Time resting spent in this place.
 E = Time spent auto-exploring this place.
 F = Levels seen in this place.
 G = Mean time per level.
                   A        B        C        D        E       F      G
               +--------+--------+--------+--------+--------+-----+--------+
         Total |  54772 |  49823 |   4949 |   4115 |  30352 |  59 |  928.3 |
       Dungeon |  13868 |  12146 |   1722 |    483 |   8996 |  15 |  924.5 |
          Lair |   5793 |   5092 |    701 |    170 |   3746 |   5 | 1158.6 |
        Shoals |   3277 |   3115 |    162 |     27 |   1918 |   4 |  819.2 |
   Spider Nest |   3675 |   3437 |    238 |     43 |   2191 |   4 |  918.8 |
    Slime Pits |   2781 |   2634 |    147 |    392 |   1514 |   5 |  556.2 |
  Orcish Mines |   2313 |   2207 |    106 |    705 |    773 |   2 | 1156.5 |
        Vaults |   6640 |   5694 |    946 |    426 |   3494 |   5 | 1328.0 |
         Crypt |   3611 |   3451 |    160 |    200 |   2065 |   3 | 1203.7 |
        Depths |   4063 |   3849 |    214 |    323 |   2390 |   4 | 1015.8 |
          Hell |     10 |     10 |      0 |      0 |      0 |   1 |   10.0 |
           Zot |   6682 |   6134 |    548 |   1345 |   2477 |   5 | 1336.4 |
         Abyss |    316 |    316 |      0 |      0 |      0 |   1 |  316.0 |
        Bazaar |    119 |    119 |      0 |      0 |     79 |   1 |  119.0 |
         Trove |     38 |     38 |      0 |      0 |      1 |   1 |   38.0 |
        Bailey |    345 |    345 |      0 |      0 |    122 |   1 |  345.0 |
      Ice Cave |    560 |    560 |      0 |      0 |    300 |   1 |  560.0 |
      Gauntlet |    673 |    673 |      0 |      0 |    283 |   1 |  673.0 |
               +--------+--------+--------+--------+--------+-----+--------+

Top non-repeatable levels by time:
 Crypt:3: 2014 daAuts
   Zot:2: 1526 daAuts
    D:12: 1521 daAuts
Vaults:5: 1503 daAuts
Vaults:3: 1419 daAuts
   Zot:3: 1382 daAuts
Vaults:1: 1376 daAuts
  Lair:5: 1334 daAuts
   Zot:4: 1316 daAuts
   Zot:1: 1304 daAuts
Depths:3: 1286 daAuts
  Lair:3: 1279 daAuts
Vaults:4: 1277 daAuts
Spider:4: 1197 daAuts
   Orc:1: 1177 daAuts

Table legend:
 A = Kills in this place as a percentage of kills in the entire game.
 B = Kills by you in this place as a percentage of kills by you in the entire game.
 C = Kills by friends in this place as a percentage of kills by friends in the entire game.
 D = Other kills in this place as a percentage of other kills in the entire game.
 E = Experience gained in this place as a percentage of experience gained in the entire game.
 F = Experience gained in this place divided by the number of levels of this place that you have seen.
                   A       B       C       D       E      F
               +-------+-------+-------+-------+-------+----------------------
         Total | 100.0 | 100.0 | 100.0 | 100.0 | 100.0 | 26114.7
       Dungeon |  16.1 |  16.2 |   0.0 |   0.0 |   4.8 | 4902.9
          Lair |   8.1 |   8.1 |   0.0 |   0.0 |   4.4 | 13463.8
        Shoals |   6.2 |   6.2 |   0.0 |  22.2 |   5.2 | 20109.0
   Spider Nest |  10.2 |  10.2 |  10.0 |  22.2 |   8.2 | 31684.5
    Slime Pits |   6.5 |   6.5 |   0.0 |   0.0 |   6.2 | 19156.2
  Orcish Mines |   5.2 |   5.2 |   0.0 |   0.0 |   1.5 | 11349.0
        Vaults |  15.6 |  15.4 |  60.0 |  22.2 |  21.5 | 66232.8
         Crypt |   7.6 |   7.7 |   0.0 |   0.0 |   7.7 | 39584.0
        Depths |   8.7 |   8.7 |   0.0 |  11.1 |  12.6 | 48588.0
          Hell |   0.2 |   0.2 |   0.0 |   0.0 |   0.1 | 2298.0
           Zot |  10.1 |  10.0 |  30.0 |  22.2 |  23.6 | 72626.0
         Abyss |   1.9 |   1.9 |   0.0 |   0.0 |   2.3 | 35023.0
        Bailey |   1.3 |   1.3 |   0.0 |   0.0 |   0.1 | 1370.0
      Ice Cave |   1.9 |   1.9 |   0.0 |   0.0 |   1.7 | 25471.0
      Gauntlet |   0.5 |   0.5 |   0.0 |   0.0 |   0.2 | 2695.0
               +-------+-------+-------+-------+-------+----------------------
